 Dungeon Crawl Stone Soup version 0.30.1-9-gdf580d7c3d (webtiles) character file.

Game seed: 12363766256619429665

20431 lonewolfV2 the Fighter (level 12, -3/97 HPs)
             Began as a Demonspawn Fighter on Oct 25, 2023.
             Slain by a troll simulacrum (9 damage)
             ... on level 13 of the Dungeon.
             The game lasted 00:27:19 (16721 turns).

lonewolfV2 the Fighter (Demonspawn Fighter)        Turns: 16721, Time: 00:27:19

Health: -3/97      AC: 21    Str: 30    XL:     12   Next: 45%
Magic:  12/12      EV: 14    Int: 10    God:
Gold:   1116       SH:  5    Dex: 16    Spells: 11/11 levels left

rFire   . . .        a - +1 war axe (venom)
rCold   . . .        c - +0 buckler
rNeg    . . .        q - +1 chain mail
rPois   .            (helmet unavailable)
rElec   .            d - +0 cloak
rCorr   +            o - +0 pair of gloves
SInv    .            p - +0 pair of boots "Wyst" {+Inv Stlth+}
Will    .....        (no amulet) Stlth
                     h - +6 ring of strength
HPRegen 0.36/turn    b - +6 ring of strength
MPRegen 0.26/turn

%: no passive effects
@: no status effects
A: horns 3, yellow scales 3, spiny 2, magic regeneration
a: Evoke Invisibility


You were on level 13 of the Dungeon.
You visited 2 branches of the dungeon, and saw 14 of its levels.
You also visited: Sewer.

You collected 1116 gold pieces.

Inventory:

Hand Weapons
 a - a +1 war axe of venom (weapon)
Armour
 c - a +0 buckler (worn)
 d - a +0 cloak (worn)
 o - a +0 pair of gloves (worn)
 p - the +0 pair of boots "Wyst" (worn) {+Inv Stlth+}
   (You found it on level 4 of the Dungeon)

   +Inv:      It lets you turn invisible.
   Stlth:     It makes you more stealthy.
 q - a +1 chain mail (worn)
Jewellery
 b - a +6 ring of strength (right hand)
 h - a +6 ring of strength (left hand)
 j - a ring of ice
 D - a ring of willpower
 E - a ring of see invisible
 K - a ring of positive energy
Wands
 u - a wand of acid (16)
 w - a wand of charming (5)
 x - a wand of flame (19)
 A - a wand of roots (18)
Scrolls
 g - a scroll of fog
 l - 3 scrolls of noise
 m - 6 scrolls of teleportation
 n - 2 scrolls of blinking
 t - 4 scrolls of magic mapping
 B - 2 scrolls of amnesia
 C - 2 scrolls of poison
 H - 2 scrolls of identify
Potions
 e - 5 potions of haste
 f - 4 potions of degeneration
 i - 3 potions of lignification
 k - 5 potions of brilliance
 r - a potion of cancellation {unknown}
 s - 3 potions of attraction {unknown}
 v - a potion of might
 z - a potion of mutation {unknown}
 G - a potion of berserk rage {unknown}
 J - a potion of flight {unknown}
 L - a potion of heal wounds {unknown}
Miscellaneous
 y - a box of beasts
 F - a phial of floods
 I - a tin of tremorstones (inert)


   Skills:
 - Level 10.2 Fighting
 - Level 9.7 Axes
 - Level 10.1 Armour
 - Level 10.1 Dodging
 + Level 4.1 Shields


You had 11 spell levels left.
You didn't know any spells.
Your spell library contained the following spells:

 Spells                   Type           Power      Damage    Failure   Level
 Slow                     Hex            0%         N/A       82%         1
 Confusing Touch          Hex            0%         N/A       99%         3
 Tukima's Dance           Hex            0%         N/A       99%         3
 Vampiric Draining        Necr           0%         2d6       99%         3
 Animate Armour           Summ/Erth      0%         N/A       100%        4
 Passage of Golubria      Tloc           0%         N/A       100%        4
 Blade Hands              Tmut           0%         N/A       100%        5
 Irradiate                Conj/Tmut      0%         3d11      100%        5
 Yara's Violent Unravell  Hex/Tmut       0%         3d3       100%        5
 Iron Shot                Conj/Erth      0%         9d1       100%        6
 Dragon Form              Tmut           0%         N/A       100%        7


Dungeon Overview and Level Annotations

Branches:
Dungeon (13/15)            Temple (1/1) D:5            Lair (0/5) D:9
    Orc (0/2) D:10          Sewer (visited)
 Vaults: D:13-14

Altars:
Ashenzari
Cheibriados
Dithmenos
Fedhas
Gozag
Hepliaklqana
Kikubaaqudgha
Makhleb
Nemelex Xobeh
Okawaru
Qazlal
Ru
Sif Muna
Trog
Uskayaw
Vehumet
Wu Jian
Xom
Yredelemnul

Shops:
D:10 ([

Annotations:
D:5 3 runed translucent doors, Rem's ghost, novice OpCj
D:10 2 runed translucent doors


Innate Abilities, Weirdness & Mutations

You have a pair of large horns on your head.
You are completely covered in yellow scales. (AC +4, rCorr)
You are mostly covered in sharp spines.
You regenerate magic rapidly.


Message History

The troll completely misses you. The troll barely misses you.
The troll claws you but does no damage.
You block the troll's attack. x2; The troll claws you but does no damage.
The troll simulacrum is struck by your spines.
The troll simulacrum bites you but does no damage.
The troll simulacrum claws you. The troll simulacrum freezes you!
The troll simulacrum claws you but does no damage.
Things that are here:
a +0 dagger; a +0 robe; a human corpse You slash the troll!
The troll is severely wounded.
You hit the troll simulacrum. The troll is struck by your spines.
The troll bites you!
* * * LOW HITPOINT WARNING * * *
The troll claws you but does no damage. The troll misses you.
The troll simulacrum misses you. x2; The troll simulacrum barely misses you.
You slice the troll simulacrum!!
The troll simulacrum vaporises!
You hit the troll.
The troll is poisoned.
The troll is struck by your spines.
You kill the troll!
A freezing mist starts to gather...
Your Shields skill increases to level 4!
A troll simulacrum comes into view.
You slash the troll simulacrum! You headbutt the troll simulacrum!
The troll simulacrum is almost destroyed.
You slash the troll simulacrum! The troll simulacrum barely misses you.
The troll simulacrum closely misses you.
The troll simulacrum claws you.
* * * LOW HITPOINT WARNING * * *
The troll simulacrum freezes you!
* * * LOW HITPOINT WARNING * * *
You slice the troll simulacrum!!
The troll simulacrum vaporises!
You slash the troll simulacrum!
The troll simulacrum bites you but does no damage.
The troll simulacrum claws you but does no damage.
The troll simulacrum claws you.
* * * LOW HITPOINT WARNING * * *
The troll simulacrum freezes you!
You die...

#...+ # #...# .# #...#
#+########.## +...#
#............ #...#
#.#.......(.. #...#
#.#.......... #°Z.#
+.#..........
##.@.#####..........
#.#○###..^..........
#...# #.............
#.#####........#####
#.########>.............#
#......)..........(.....#
#.########.......######)#
#.......# #.# #.......#
#.#


You could see a troll simulacrum.

Vanquished Creatures
  Josephine (D:13)
  Fannar (D:12)
  A centaur warrior (D:9)
  A catoblepas (D:13)
  2 boulder beetles
  3 two-headed ogres
  Pikel (D:7)
  A necromancer (D:13)
  2 ugly things (D:11)
  3 manticores
  A cyclops (D:12)
  Maurice (D:12)
  Joseph (D:8)
  An unseen horror (D:12)
  3 komodo dragons
  7 trolls
  Prince Ribbit (D:5)
  Sigmund (D:3)
  6 yaks
  5 wraiths
  3 wyverns
  3 vampires
  A steam dragon (D:4)
  2 vampire mosquitoes (D:11)
  Menkaure (D:6)
  3 acid dragons
  4 water moccasins
  3 ice beasts
  5 sky beasts
  7 orc warriors
  2 black bears
  2 ogres
  4 centaurs
  4 lemures (D:7)
  A kobold brigand (D:9)
  A phantom (D:5)
  2 gnoll sergeants
  4 bullfrogs
  4 wights (D:8)
  15 killer bees
  3 howler monkeys
  A crimson imp (D:6)
  A gnoll bouda (D:9)
  7 orc priests
  Terence (D:2)
  Jessica (D:3)
  3 iguanas
  14 orc wizards
  A centaur simulacrum (D:9)
  6 gnolls
  5 adders
  7 river rats
  A white imp (D:6)
  4 worms
  3 dart slugs
  56 orcs
  10 endoplasms
  4 giant cockroaches
  6 goblins
  7 hobgoblins
  3 jackals
  6 quokkas
  12 ball pythons
  5 bats
  11 frilled lizards
  14 kobolds
  8 rats
314 creatures vanquished.

Notes
Turn   | Place    | Note
-------+----------+-------------------------------------------
     0 | D:1      | lonewolfV2 the Demonspawn Fighter began the quest for the
                  | Orb.
     0 | D:1      | Reached XP level 1. HP: 18/18 MP: 1/1
   115 | D:1      | Found a faded altar of an unknown god.
   168 | D:1      | Reached skill level 1 in Dodging
   229 | D:1      | Gained mutation: You have a pair of small horns on your
                  | head. [demonic ancestry]
   229 | D:1      | Reached XP level 2. HP: 24/24 MP: 2/2
   579 | D:1      | Gained mutation: You have a pair of horns on your head.
                  | [demonic ancestry]
   579 | D:1      | Reached XP level 3. HP: 28/29 MP: 3/3
  1314 | D:2      | Noticed Terence
  1323 | D:2      | Killed Terence
  1324 | D:2      | Gained mutation: You are partially covered in sharp spines.
                  | [demonic ancestry]
  1324 | D:2      | Reached XP level 4. HP: 33/35 MP: 4/4
  2116 | D:3      | Reached XP level 5. HP: 41/41 MP: 5/5
  2173 | D:3      | Found a glowing drain.
  2179 | Sewer    | Entered a sewer
  3060 | D:3      | Noticed Sigmund
  3074 | D:3      | Killed Sigmund
  3075 | D:3      | Gained mutation: You are partially covered in yellow
                  | scales. (AC +2) [demonic ancestry]
  3075 | D:3      | Reached XP level 6. HP: 13/47 MP: 6/6
  3294 | D:3      | Noticed Jessica
  3301 | D:3      | Killed Jessica
  3563 | D:4      | Reached skill level 5 in Armour
  3563 | D:4      | Reached skill level 5 in Dodging
  3563 | D:4      | Gained mutation: You are mostly covered in sharp spines.
                  | [demonic ancestry]
  3563 | D:4      | Reached XP level 7. HP: 31/52 MP: 7/7
  3752 | D:4      | Noticed a steam dragon
  3766 | D:4      | Killed a steam dragon
  3920 | D:4      | Identified the +0 pair of boots "Wyst" {+Inv Stlth+}
  4338 | D:5      | Entered Level 5 of the Dungeon
  4338 | D:5      | Noticed Prince Ribbit
  4353 | D:5      | Killed Prince Ribbit
  4564 | D:5      | Gained mutation: You regenerate magic rapidly. [demonic
                  | ancestry]
  4564 | D:5      | Reached XP level 8. HP: 42/58 MP: 8/8
  4857 | D:5      | Found a runed translucent gate.
  4858 | D:5      | Found a runed translucent gate.
  4859 | D:5      | Found a runed translucent gate.
  4862 | D:5      | Noticed Rem's ghost (novice OpCj)
  4875 | D:5      | Identified the +7 dagger "Jefyus" {flame, *Corrode Fly
                  | rElec}
  5124 | D:5      | Identified the +3 chain mail of Ometar {rN+ Str+4}
  5135 | D:5      | Found a staircase to the Ecumenical Temple.
  5142 | Temple   | Entered the Ecumenical Temple
  6109 | D:6      | Noticed Menkaure
  6120 | D:6      | Killed Menkaure
  6515 | D:6      | Gained mutation: You are mostly covered in yellow scales.
                  | (AC +3) [demonic ancestry]
  6515 | D:6      | Reached XP level 9. HP: 55/63 MP: 9/9
  6836 | D:6      | Found a burning altar of Makhleb.
  6836 | D:6      | Found a shimmering altar of Xom.
  6927 | D:7      | Found a bloodstained altar of Trog.
  6933 | D:7      | Found an ornate altar of the Wu Jian Council.
  6946 | D:7      | Noticed a two-headed ogre
  6953 | D:7      | Killed a two-headed ogre
  7038 | D:7      | Noticed Pikel
  7048 | D:7      | Killed Pikel
  7646 | D:7      | Gained mutation: You are completely covered in yellow
                  | scales. (AC +4, rCorr) [demonic ancestry]
  7646 | D:7      | Reached XP level 10. HP: 52/70 MP: 10/10
  8140 | D:8      | Noticed Joseph
  8154 | D:8      | Killed Joseph
  8155 | D:8      | Reached skill level 10 in Armour
  8155 | D:8      | Reached skill level 10 in Dodging
  8602 | D:8      | Found a hazy altar of Hepliaklqana.
  9708 | D:9      | Reached skill level 5 in Axes
  9764 | D:9      | Reached skill level 5 in Fighting
 10103 | D:9      | Found a staircase to the Lair.
 10293 | D:9      | Noticed a two-headed ogre
 10302 | D:9      | Killed a two-headed ogre
 10303 | D:9      | Gained mutation: You have a pair of large horns on your
                  | head. [demonic ancestry]
 10303 | D:9      | Reached XP level 11. HP: 44/80 MP: 11/11
 10924 | D:9      | Noticed a centaur warrior
 10930 | D:9      | Killed a centaur warrior
 10983 | D:10     | Entered Level 10 of the Dungeon
 11002 | D:10     | Noticed a two-headed ogre
 11011 | D:10     | Killed a two-headed ogre
 11237 | D:10     | Found Nyges's Armour Boutique.
 11248 | D:10     | Found a staircase to the Orcish Mines.
 11342 | D:10     | Found Telliguff's Weapon Boutique.
 11634 | D:10     | HP: 4/83 [orc warrior/+0 trident (13)]
 11805 | D:10     | Found a runed translucent door.
 11805 | D:10     | Noticed a fire dragon
 11805 | D:10     | Noticed an ice dragon
 11806 | D:10     | Found the +2 shield of Resistance {rF++ rC++ Will++}
 11806 | D:10     | Noticed an ice dragon
 11807 | D:10     | Noticed a fire dragon
 11830 | D:10     | Found a runed translucent door.
 11861 | D:10     | Found a shadowy altar of Dithmenos.
 11861 | D:10     | Found a broken altar of Ashenzari.
 11862 | D:10     | Found an iron altar of Okawaru.
 12380 | D:11     | Noticed a red ugly thing
 12387 | D:11     | Killed a red ugly thing
 13059 | D:11     | Noticed a white ugly thing
 13072 | D:11     | Killed a white ugly thing
 13435 | D:11     | Noticed a boulder beetle
 13447 | D:11     | Killed a boulder beetle
 13941 | D:12     | Noticed Fannar
 13954 | D:12     | Killed Fannar
 14768 | D:12     | Noticed Maurice
 14798 | D:12     | Killed Maurice
 14799 | D:12     | Reached XP level 12. HP: 83/95 MP: 12/12
 15849 | D:13     | Noticed a catoblepas
 15866 | D:13     | Killed a catoblepas
 16285 | D:13     | Noticed Josephine
 16285 | D:13     | Noticed a boulder beetle
 16301 | D:13     | Killed Josephine
 16307 | D:13     | Reached skill level 10 in Fighting
 16321 | D:13     | Killed a boulder beetle
 16721 | D:13     | Slain by a troll simulacrum

Illustrated notes

Levels and vault maps discovered:
D:1:      evilmike_arrival_rings, layout_loops_ring, basic_ecumenical_altar,
          minmay_misc_feat_encased
D:2:      layout_basic, uniq_terence
D:3:      layout_rooms, gup_sewer_entry_spiral, feat_on_display, uniq_jessica,
          uniq_sigmund
D:4:      layout_loops_cross, nicolae_kite_square_tiling_tiny,
          chequers_serial_rivers_large_a
D:5:      lemuel_ice_spiral_2, layout_basic, minmay_temple_entry_nine_rooms,
          biasface_ghost_orc_armoury, uniq_prince_ribbit1
D:6:      layout_cave_pods, grunt_temple_overflow_champion_of_chaos,
          uniq_menkaure
D:7:      layout_cave_pools, grunt_temple_overflow_open,
          kennysheep_generic_room_15, uniq_pikel
D:8:      layout_cave_pools, marbit_many_paths, grunt_decor_clamped,
          minivault_14, serial_park_tiny_2, uniq_joseph
D:9:      hangedman_cross_stitches, layout_loops_ring, erik_lair_dragon,
          minmay_three_doors
D:10:     layout_roguey [special_room_orc],
          chequers_temple_overflow_statue_of_worship, orc_david_3,
          nicolae_benzene_ring, minivault_10, hangedman_decor_riveting,
          dk_noncrumbling_4, kennysheep_decorative_pillar,
          minmay_guarded_unrand_resistance
D:11:     layout_loops_corners, serial_bayou_pond_c
D:12:     layout_irregular_city, uniq_fannar, uniq_maurice
D:13:     layout_small_grid, david_vaults_1, nicolae_trove_entry_crystal,
          uniq_sonja, uniq_josephine
Temple:   nicolae_temple_bog_church

Skill      XL: |  1  2  3  4  5  6  7  8  9 10 11 12 |
---------------+-------------------------------------+-----
Dodging        | 1 2 3 4 5 6 7 9 10 | 10.1
Armour         | 3 4 5 6 7 9 10 | 10.1
Axes           | 5 8 9 |  9.7
Fighting       | 5 9 10 | 10.2
Shields        | 4 |  4.1

Action                     |  1- 3 |  4- 6 |  7- 9 | 10-12 || total
---------------------------+-------+-------+-------+-------++-------
  Melee: War axe           |    94 |   135 |   136 |   375 ||   740
         Headbutt          |     9 |    22 |    27 |    91 ||   149
  Evoke: Tin of tremorston |       |       |       |     2 ||     2
    Use: Scroll            |       |    11 |     5 |     6 ||    22
         Potion            |       |     4 |     1 |     6 ||    11
 Armour: Scale mail        |    55 |    67 |     8 |       ||   130
         Chain mail        |       |       |    97 |   280 ||   377
  Dodge: Dodged            |    70 |    66 |    74 |   281 ||   491
  Block: Buckler           |    29 |    25 |    27 |   118 ||   199
